 Dungeon Crawl Stone Soup version 0.31-a0-210-gccc998df9b (webtiles) character file.

Game seed: 12149120465341376820

14454 Midn8 the Martial Artist (level 12, -14/195 HPs)
             Began as an Octopode Transmuter on June 30, 2023.
             Was a Believer of Ashenzari.
             Demolished by a skeletal warrior
             ... wielding the +9 falchion "Zuila" {flame, rPois Dex+2}
              (19 damage)
             ... on level 10 of the Dungeon.
             The game lasted 00:55:22 (15188 turns).

Midn8 the Martial Artist (Octopode Transmuter)     Turns: 15188, Time: 00:55:22

Health: -14/195    AC: 26    Str: 10    XL:     12   Next: 16%
Magic:  18/18      EV:  2    Int: 17    God:    Ashenzari [**....]
Gold:   377        SH:  3    Dex: 15    Spells: 9/19 levels left

rFire   + . .        w - staff of Ashenzari's Comet (curse) {rC+ Ice, Elem, Bglg} (curse)
rCold   + . .        G - +0 buckler
rNeg    . . .        (helmet currently unavailable)
rPois   +            i - amulet of the Astrological Sky {RegenMP, Alch, Melee} (curse)
rElec   .            c - ring "Ensconced With Me" {Wiz, Self, Cun} (curse)
rCorr   .            q - ring of Cremastomancy {Fly, Comp, Cun} (curse)
SInv    +            D - ring of the Fated Seer {rF+, Alch, Cun} (curse)
Will    .....        J - +4 ring of slaying Stlth
                     (no ring)
HPRegen 0.52/turn    (no ring)
MPRegen 0.56/turn    (no ring)
                     (no ring)

%: wizardry (x1)
@: berserking, tree-form, invisible, very quick
A: stationary, stasis, torment immunity, boosted hp, almost no armour,
(amphibious), 8 rings, (camouflage 1), (gelatinous body 1), (nimble swimmer 1),
(tentacles)
a: Renounce Religion, Curse Item, Shatter the Chains


You were on level 10 of the Dungeon.
You worshipped Ashenzari.
Ashenzari was pleased with you.
You were a tree.
You visited 1 branch of the dungeon, and saw 10 of its levels.
You also visited: Bailey.

You collected 485 gold pieces.
You spent 108 gold pieces at shops.

Inventory:

Missiles
 e - 53 poisoned darts (quivered)
 u - 4 throwing nets
 B - 21 boomerangs
 L - 4 silver javelins
Armour
 G - a +0 buckler (worn)
Magical Staves
 w - the cursed staff of Ashenzari's Comet (weapon) {rC+ Ice, Elem, Bglg}
   (You found it in a bailey)

   [staff of cold]

   Base accuracy: +5 Base damage: 5 Base attack delay: 1.2 This weapon's minimum
   attack delay (0.6) is reached at skill level 12.
   rC:        It protects you from cold.
   Ice:       It increases the power of your Ice spells.
   It falls into the 'Staves' category.
   It is a one-tentacled weapon.
   It has a curse which improves the following skills: Elements: Fire Magic, Ice
   Magic, Air Magic and Earth Magic.
   Beguiling: Conjurations, Hexes and Translocations.
Jewellery
 c - the cursed ring "Ensconced With Me" (left branch) {Wiz, Self, Cun}
   (You found it on level 2 of the Dungeon)

   [ring of wizardry]

   It improves your spell success rate.
   It has a curse which improves the following skills: Introspection: Fighting
   and Spellcasting.
   Cunning:   Dodging and Stealth.
 f - the amulet of Oduakaggil {RegenMP *Corrode rC+++ Will- SInv}
   (You found it on level 4 of the Dungeon)

   [amulet of magic regeneration]

   It increases your rate of magic regeneration.
   rC:        It renders you almost immune to cold.
   SInv:      It lets you see invisible.
   *Corrode:  It may corrode you when you take damage.
   Will:      It decreases your willpower.
 i - the cursed amulet of the Astrological Sky (around neck) {RegenMP, Alch, Melee}
   (You found it on level 4 of the Dungeon)

   [amulet of magic regeneration]

   It increases your rate of magic regeneration.
   It has a curse which improves the following skills: Alchemy: Poison Magic and
   Transmutations.
   Melee Combat: Short Blades, Long Blades, Axes, Maces & Flails, Polearms,
   Staves and Unarmed Combat.
 p - a ring of ice
 q - the cursed ring of Cremastomancy (right branch) {Fly, Comp, Cun}
   (You found it on level 6 of the Dungeon)

   [ring of flight]

   Fly:       It grants you flight.
   It has a curse which improves the following skills: Companions: Summonings
   and Necromancy.
   Cunning:   Dodging and Stealth.
 D - the cursed ring of the Fated Seer (on tentacle) {rF+, Alch, Cun}
   (You found it on level 9 of the Dungeon)

   [ring of protection from fire]

   rF:        It protects you from fire.
   It has a curse which improves the following skills: Alchemy: Poison Magic and
   Transmutations.
   Cunning:   Dodging and Stealth.
 I - an amulet of reflection
 J - a +4 ring of slaying (on tentacle)
Wands
 s - a wand of iceblast (21)
 z - a wand of digging (5)
 H - a wand of flame (7)
 M - a wand of polymorph (4)
Scrolls
 b - 5 scrolls of teleportation
 d - 3 scrolls of vulnerability
 h - a scroll of amnesia
 l - 6 scrolls of identify
 n - 2 scrolls of enchant armour
 o - a scroll of revelation
 t - 2 scrolls of fear
 x - a scroll of fog
 y - a scroll of summoning
 E - 3 scrolls of blinking
Potions
 a - a potion of lignification
 g - 7 potions of curing
 j - 3 potions of mutation
 k - a potion of haste
 m - 3 potions of attraction
 r - a potion of invisibility
 C - a potion of enlightenment
 K - 2 potions of ambrosia
Miscellaneous
 v - a piece from Xom's chessboard (14/15)
 N - a condenser vane


   Skills:
 - Level 8.9(10.0) Fighting
 - Level 2.8(3.8) Polearms
 - Level 4.0 Throwing
 - Level 7.6(10.0) Dodging
 - Level 3.1(5.1) Stealth
 - Level 11.9(13.0) Unarmed Combat
 - Level 3.3(4.3) Spellcasting
 - Level 7.1(8.9) Transmutations
 - Level 3.0(4.0) Ice Magic
 - Level 3.0(4.4) Poison Magic
 + Level 3.0 Evocations


You had 9 spell levels left.
You knew the following spells:

 Your Spells              Type           Power      Damage    Failure   Level
a - Beastly Appendage     Tmut           68%        N/A       1%          1
c - Ice Form              Ice/Tmut       38%        N/A       6%          4
s - Spider Form           Tmut/Pois      26%        N/A       1%          3
S - Wereblood             Tmut           34%        N/A       1%          2

Your spell library contained the following spells:

 Spells                   Type           Power      Damage    Failure   Level
 Inner Flame              Hex/Fire       4%         N/A       26%         3
 Tukima's Dance           Hex            4%         N/A       26%         3
 Yara's Violent Unravell  Hex/Tmut       9%         3d6       36%         5
 Flame Wave               Conj/Fire      4%         2d5       61%         4
 Passage of Golubria      Tloc           4%         N/A       61%         4
 Sticky Flame             Conj/Fire      4%         2d3       61%         4


Dungeon Overview and Level Annotations

Branches:
Dungeon (10/15)            Temple (0/1) D:4            Lair (0/5) D:10
    Orc (0/2) D:10         Bailey (visited)

Altars:
Ashenzari
Cheibriados
Fedhas
Hepliaklqana
Makhleb
Okawaru
Sif Muna
Zin
The Shining One

Shops:
D:6 !

Annotations:
D:5 1 runed translucent door, Crazy Yiuf
D:6 1 runed translucent door, Brisketman's ghost, novice OpTm


Innate Abilities, Weirdness & Mutations

You are a tree.
Your roots penetrate the ground, keeping you stationary.
You cannot be teleported.
You are immune to unholy pain and torment.
Your maximum health is greatly increased.
You cannot wear most types of armour.
((You are amphibious.))
You can wear up to eight rings at the same time.
((Your skin changes colour to match your surroundings (Stealth+).))
((Your rubbery body absorbs attacks. (AC +1, EV +1)))
((You are camouflaged when in or above water. (Stealth+)))
((You have tentacles for arms and can constrict up to eight enemies at once.))


Message History

You barely miss the skeletal warrior.
The skeletal warrior is lightly damaged.
The skeletal warrior hits you with the +9 falchion "Zuila" {flame, rPois Dex+2}!!
* * * LOW HITPOINT WARNING * * *
The skeletal warrior burns you.
* * * LOW HITPOINT WARNING * * *
You feel much better.
The skeletal warrior hits you with the +9 falchion "Zuila" {flame, rPois Dex+2}.
* * * LOW HITPOINT WARNING * * *
Unknown command.
You closely miss the skeletal warrior. You punch the skeletal warrior.
The skeletal warrior is lightly damaged.
The skeletal warrior hits you but does no damage.
The skeletal warrior hits you with the +9 falchion "Zuila" {flame, rPois Dex+2}.
* * * LOW HITPOINT WARNING * * *
You hit the skeletal warrior but do no damage.
The skeletal warrior is lightly damaged.
The skeletal warrior hits you but does no damage.
You hit the skeletal warrior but do no damage.
The skeletal warrior is lightly damaged.
You block the skeletal warrior's attack.
You hit the skeletal warrior.
The skeletal warrior is moderately damaged.
The skeletal warrior hits you with the +9 falchion "Zuila" {flame, rPois Dex+2}!
* * * LOW HITPOINT WARNING * * *
The skeletal warrior burns you.
* * * LOW HITPOINT WARNING * * *
You catch the helpless skeletal warrior completely off-guard!
You hit the skeletal warrior.
The skeletal warrior is moderately damaged.
You block the skeletal warrior's attack.
You hit the skeletal warrior but do no damage.
The skeletal warrior is moderately damaged.
The skeletal warrior hits you but does no damage.
The skeletal warrior hits you with the +9 falchion "Zuila" {flame, rPois Dex+2}!
* * * LOW HITPOINT WARNING * * *
A red film seems to cover your vision as you go berserk!
You feel yourself moving faster!
You feel mighty!
The skeletal warrior hits you with the +9 falchion "Zuila" {flame, rPois Dex+2}!!
You die...

######....#.##..#.....####.##
#........##'##'##.(..##.###.#
#........#......#....#..# ##.
#........'......)....#..#####
#........#......#z...#..'....
#........#......#....#..#..>.
#........#......#....#..#....
#........########....####....
#####.......♣z.......#..#....
#................'..#....
#................#..#....
#................#..#....
#########....#####..###..
#....# #.....#.. #....#
#.....#.. #....# #.....#..
#....# #######..


You could see a skeletal warrior (unable to see you).

Vanquished Creatures
  Erolcha (D:9)
  A two-headed ogre (D:10)
  A boulder beetle (D:10)
  Joseph (D:10)
  2 gargoyles (D:10)
  2 komodo dragons (D:10)
  A troll (D:10)
  A wraith (D:10)
  A shadow (D:10)
  19 yaks
  6 wyverns
  Eustachio (D:5)
  3 steam dragons
  An acid dragon (D:9)
  Edmund (D:5)
  3 water moccasins
  An ice beast (D:7)
  6 orc warriors
  3 black bears
  6 wolves (Bailey)
  8 centaurs
  An ogre (D:7)
  6 kobold brigands
  14 gnoll sergeants
  4 scorpions
  5 bullfrogs
  4 wights
  7 killer bees
  5 howler monkeys
  2 jellies (D:6)
  7 hounds
  9 orc priests
  9 gnoll boudas
  An iguana (D:7)
  12 orc wizards
  Robin (D:3)
  12 gnolls
  6 adders
  A shadow imp (D:3)
  3 white imps
  2 ufetubi
  2 worms
  2 dart slugs
  38 orcs
  7 bats
  9 endoplasms
  7 giant cockroaches
  7 goblins
  9 hobgoblins
  2 quokkas
  8 ball pythons
  2 frilled lizards
  20 kobolds
  6 rats
299 creatures vanquished.

Notes
Turn   | Place    | Note
-------+----------+-------------------------------------------
     0 | D:1      | Midn8 the Octopode Transmuter began the quest for the Orb.
     0 | D:1      | Reached XP level 1. HP: 13/13 MP: 3/3
   414 | D:1      | Reached XP level 2. HP: 18/18 MP: 1/5
   759 | D:1      | Reached skill level 4 in Unarmed Combat
   954 | D:1      | Reached XP level 3. HP: 18/23 MP: 6/6
  1101 | D:2      | Found a broken altar of Ashenzari.
  1503 | D:2      | Reached XP level 4. HP: 25/28 MP: 5/7
  1827 | D:2      | Became a worshipper of Ashenzari the Shackled
  1924 | D:3      | Found a glowing silver altar of Zin.
  1988 | D:3      | Reached skill level 5 in Unarmed Combat
  1992 | D:3      | Learned a level 3 spell: Spider Form
  2207 | D:3      | Reached skill level 1 in Poison Magic
  2253 | D:3      | Noticed Robin
  2273 | D:3      | Killed Robin
  2289 | D:3      | Reached XP level 5. HP: 33/33 MP: 5/8
  2532 | D:4      | Found a blossoming altar of Fedhas.
  2781 | D:4      | Identified the amulet of Oduakaggil {RegenMP *Corrode rC+++
                  | Will- SInv}
  2823 | D:4      | Found a staircase to the Ecumenical Temple.
  2997 | D:4      | Reached XP level 6. HP: 30/38 MP: 5/9
  3677 | D:5      | Entered Level 5 of the Dungeon
  4341 | D:5      | Reached XP level 7. HP: 48/48 MP: 10/10
  4355 | D:5      | Reached * piety under Ashenzari
  4476 | D:5      | Noticed Edmund
  4497 | D:5      | Killed Edmund
  4662 | D:5      | Noticed Eustachio
  4676 | D:5      | Killed Eustachio
  4677 | D:5      | Reached XP level 8. HP: 31/54 MP: 11/11
  4820 | D:5      | Found a burning altar of Makhleb.
  4820 | D:5      | Noticed a green death
  4825 | D:5      | Noticed a hellwing
  4825 | D:5      | Noticed a hellwing
  4881 | D:5      | Found a runed translucent door.
  4882 | D:5      | Noticed Crazy Yiuf
  5002 | D:6      | Reached skill level 6 in Unarmed Combat
  5069 | D:6      | Learned a level 2 spell: Wereblood
  5077 | D:6      | Found a runed translucent door.
  5083 | D:6      | Noticed Brisketman's ghost (novice OpTm)
  5129 | D:6      | Identified the +0 leather armour of the Undertaker {Str+2}
  5166 | D:6      | HP: 2/54 [acid (5)]
  5348 | D:6      | Learned a level 4 spell: Ice Form
  5490 | D:6      | Found Vuroed's Distillery.
  5499 | D:6      | Bought a potion of curing for 36 gold pieces
  5499 | D:6      | Bought a potion of curing for 36 gold pieces
  5499 | D:6      | Bought a potion of lignification for 36 gold pieces
  5576 | D:6      | Reached skill level 7 in Unarmed Combat
  6069 | D:6      | Reached skill level 1 in Ice Magic
  6085 | D:6      | Reached skill level 5 in Transmutations
  6085 | D:6      | Reached XP level 9. HP: 45/59 MP: 15/15
  6729 | D:7      | Reached skill level 5 in Fighting
  7401 | D:7      | Reached skill level 8 in Unarmed Combat
  7758 | D:8      | Found a flagged portal.
  7766 | Bailey   | Entered a bailey
  7978 | Bailey   | Reached skill level 9 in Unarmed Combat
  8272 | Bailey   | Reached skill level 1 in Throwing
  8272 | Bailey   | Reached XP level 10. HP: 27/69 MP: 16/16
  9731 | D:8      | Reached skill level 5 in Dodging
 10117 | D:8      | Reached ** piety under Ashenzari
 10323 | D:8      | Identified the +0 scale mail "Jeqas" {rPois rN+ Dex+3}
 10386 | D:8      | Identified the cursed staff of Ashenzari's Comet {rC+ Ice,
                  | Elem, Bglg} (You found it in a bailey)
 10557 | D:9      | Reached skill level 1 in Stealth
 10581 | D:9      | Noticed Erolcha
 10607 | D:9      | Killed Erolcha
 11163 | D:9      | Found a hazy altar of Hepliaklqana.
 11163 | D:9      | Found a glowing golden altar of the Shining One.
 11163 | D:9      | Found a shimmering blue altar of Sif Muna.
 11302 | D:9      | Reached skill level 10 in Unarmed Combat
 11376 | D:9      | Reached XP level 11. HP: 78/78 MP: 14/17
 11717 | D:9      | Found a snail-covered altar of Cheibriados.
 11750 | D:9      | Found an iron altar of Okawaru.
 11851 | D:9      | Reached skill level 1 in Polearms
 12331 | D:10     | Entered Level 10 of the Dungeon
 12927 | D:10     | Found a staircase to the Orcish Mines.
 13102 | D:10     | Noticed Joseph
 13105 | D:10     | Found a staircase to the Lair.
 13113 | D:10     | Killed Joseph
 13731 | D:10     | Noticed a boulder beetle
 13739 | D:10     | Reached skill level 11 in Unarmed Combat
 13934 | D:10     | Identified the +9 falchion "Zuila" {flame, rPois Dex+2}
 13934 | D:10     | Noticed a skeletal warrior
 14194 | D:10     | Killed a boulder beetle
 14306 | D:10     | Noticed a two-headed ogre
 14315 | D:10     | Killed a two-headed ogre
 14316 | D:10     | Reached XP level 12. HP: 75/87 MP: 18/18
 14809 | D:10     | Reached skill level 1 in Evocations
 15180 | D:10     | HP: 6/130 [skeletal warrior/the +9 falchion "Zuila" {flame,
                  | rPois Dex+2} (21)]
 15180 | D:10     | HP: 2/130 [skeletal warrior/the +9 falchion "Zuila" {flame,
                  | rPois Dex+2} (4)]
 15187 | D:10     | HP: 3/130 [skeletal warrior/the +9 falchion "Zuila" {flame,
                  | rPois Dex+2} (10)]
 15188 | D:10     | Demolished by a skeletal warrior

Illustrated notes

Levels and vault maps discovered:
D:1:      denvon_arrival_planthouse, layout_basic, minmay_cupped
D:2:      layout_loops_ring, basic_altar
D:3:      layout_basic, zin_treasury, moated_statue, chequers_big_river,
          uniq_robin
D:4:      layout_basic, mainiacjoe_overflow_catwalk,
          minmay_temple_entry_junction_2
D:5:      layout_rooms, makhleb_altar_promises_db, uniq_edmund,
          uniq_crazy_yiuf_cottage, uniq_eustachio
D:6:      minmay_diamond_boxcup, layout_rooms, serial_shops, shop,
          ebering_ghost_reflecting_pool
D:7:      layout_loops_corners
D:8:      layout_basic, enter_bailey_2, lightli_minifort
D:9:      nicolae_cairo_tiling_very_big, layout_loops_corners,
          cheibriados_altar_1, mainiacjoe_overflow_cross_hatched,
          gammafunk_temple_overflow_claw, uniq_erolcha
D:10:     minmay_imperfect_grid, layout_gridville, david_lair_shrubbed,
          hiddenorc1_lemuel, minivault_19, uniq_joseph

Skill      XL: |  1  2  3  4  5  6  7  8  9 10 11 12 |
---------------+-------------------------------------+-----
Unarmed Combat | 4 5 7 9 10 11 | 11.9
Poison Magic   | 1 3 |  3.0
Transmutations | 3 4 5 6 7 |  7.1
Fighting       | 3 5 7 8 |  8.9
Dodging        | 4 6 7 |  7.6
Spellcasting   | 3 |  3.3
Ice Magic      | 2 3 |  3.0
Throwing       | 1 4 |  4.0
Stealth        | 3 |  3.1
Polearms       | 2 |  2.8
Evocations     | 3 |  3.0

Action                     |  1- 3 |  4- 6 |  7- 9 | 10-12 || total
---------------------------+-------+-------+-------+-------++-------
  Melee: Unarmed           |    68 |   156 |   232 |   363 ||   819
         Tentacles         |     7 |    16 |     2 |     4 ||    29
         Kick              |    19 |     7 |     2 |       ||    28
         Constrict         |    15 |    16 |     2 |     3 ||    36
         Punch             |     1 |     1 |     2 |     4 ||     8
         Staff             |       |       |       |    32 ||    32
  Throw: Dart              |       |       |     7 |    40 ||    47
         Throwing net      |       |       |       |     1 ||     1
   Cast: Beastly Appendage |    23 |    12 |     1 |       ||    36
         Spider Form       |       |    16 |    12 |     5 ||    33
         Ice Form          |       |       |    18 |    41 ||    59
 Invoke: Curse Item        |       |     1 |     2 |     2 ||     5
Ability: End Transformatio |       |       |     2 |     4 ||     6
  Evoke: Piece from Xom's  |       |       |       |     1 ||     1
    Use: Potion            |       |     1 |     4 |     4 ||     9
         Scroll            |       |       |       |     2 ||     2
   Stab: Sleeping          |     4 |     3 |       |       ||     7
         Distracted        |       |       |       |     1 ||     1
         Invisible         |       |       |       |     1 ||     1
 Armour: Skin              |     3 |     7 |    53 |    89 ||   152
  Dodge: Dodged            |    43 |    90 |   192 |   241 ||   566
  Block: Buckler           |       |       |       |     6 ||     6

Table legend: (Time is in decaauts)
 A = Elapsed time spent in this place.
 B = Non-inter-level travel time spent in this place.
 C = Inter-level travel time spent in this place.
 D = Time resting spent in this place.
 E = Time spent auto-exploring this place.
 F = Levels seen in this place.
 G = Mean time per level.
                   A        B        C        D        E       F      G
               +--------+--------+--------+--------+--------+-----+--------+
         Total |  15074 |  14157 |    917 |   4782 |   5922 |  11 | 1370.4 |
       Dungeon |  13219 |  12302 |    917 |   3978 |   5836 |  10 | 1321.9 |
        Bailey |   1854 |   1854 |      0 |    803 |     86 |   1 | 1854.0 |
               +--------+--------+--------+--------+--------+-----+--------+

Top non-repeatable levels by time:
    D:10: 2365 daAuts
     D:9: 1941 daAuts
  Bailey: 1854 daAuts
     D:4: 1741 daAuts
     D:6: 1299 daAuts
     D:7: 1222 daAuts
     D:5: 1144 daAuts
     D:1: 1028 daAuts
     D:8: 985 daAuts
     D:2: 758 daAuts
     D:3: 732 daAuts
